 Dungeon Crawl Stone Soup version 0.29.0-4-gdea44cf6ec (webtiles) character file.

Game seed: 16941676639086638176

791 sentinel the Digger (level 8, -2/85 HPs)
             Began as a Meteoran Earth Elementalist on Aug 28, 2022.
             Was an Initiate of Ashenzari.
             Slain by a wyvern (6 damage)
             ... on level 8 of the Dungeon.
             The game lasted 00:12:13 (924 turns).

sentinel the Digger (Meteoran Earth Elementalist)    Turns: 924, Time: 00:12:14

Health: -2/85      AC: 24    Str: 10    XL:     8   Next: 34%
Magic:  14/16      EV:  2    Int: 18    God:    Ashenzari [......]
Gold:   0          SH:  0    Dex: 15    Spells: 11/17 levels left

rFire   . . .      SeeInvis .   (no weapon)
rCold   . . .      Faith    .   (no shield)
rNeg    . . .      Spirit   .   (body armour currently unavailable)
rPois   +          Reflect  .   (helmet currently unavailable)
rElec   .          Harm     .   (cloak currently unavailable)
rCorr   .          Rampage  .   (gloves currently unavailable)
Will    +....      NoTele   +   (boots currently unavailable)
Stlth   +.........              (no amulet)
HPRegen 0.24/turn               v - +4 ring of evasion
MPRegen 0.15/turn               j - +4 ring of evasion

@: tree-form, marked, on berserk cooldown, slowed, glowing, very slow
A: stationary, stasis, torment immunity, boosted hp, sense surroundings 1,
otherworldly, glowing, explore regen, subdued magic 1, inability to read after
injury 1
a: Renounce Religion


You were on level 8 of the Dungeon.
You worshipped Ashenzari.
Ashenzari was noncommittal.
You were a tree.
You visited 2 branches of the dungeon, and saw 9 of its levels.

Inventory:

Hand Weapons
 g - a +0 dagger
Armour
 a - a +0 robe (melded)
 d - a +0 pair of gloves (melded)
 p - the +2 cloak of Coinuq {rElec rPois Dex+2}
   (You found it on level 8 of the Dungeon)

   Dex:       It affects your dexterity (+2).
   rElec:     It insulates you from electricity.
   rPois:     It protects you from poison.
Jewellery
 c - an amulet of guardian spirit
 j - a +4 ring of evasion (right branch)
 n - a ring of flight
 v - a +4 ring of evasion (left branch)
Wands
 m - a wand of mindburst (16)
 I - a wand of roots (8)
Scrolls
 t - a scroll of teleportation
 u - a scroll of magic mapping
Potions
 b - 2 potions of magic


   Skills:
 - Level 2.4 Dodging
 - Level 1.4 Stealth
 * Level 5.0 Spellcasting
 + Level 6.4 Conjurations
 - Level 1.2 Transmutations
 + Level 7.3 Earth Magic


You had 11 spell levels left.
You knew the following spells:

 Your Spells              Type           Power      Damage    Failure   Level
a - Sandblast             Erth           46%        2d11      1%          1
b - Stone Arrow           Conj/Erth      44%        3d9       1%          3
c - Passwall              Tmut/Erth      12%        N/A       2%          2

Your spell library contained the following spells:

 Spells                   Type           Power      Damage    Failure   Level
 Beastly Appendage        Tmut           12%        N/A       7%          1
 Wereblood                Tmut           6%         N/A       10%         2
 Petrify                  Tmut/Erth      15%        N/A       19%         4
 Spider Form              Tmut/Pois      5%         N/A       26%         3
 Inner Flame              Hex/Fire       3%         N/A       32%         3
 Portal Projectile        Hex/Tloc       6%         N/A       32%         3
 Tukima's Dance           Hex            3%         N/A       32%         3
 Cause Fear               Hex            1%         N/A       75%         4
 Blade Hands              Tmut           3%         N/A       90%         5
 Discord                  Hex            1%         N/A       100%        8


Dungeon Overview and Level Annotations

Branches:
Dungeon (8/15) Zot: 3934   Temple (1/1) D:4 Zot: 509    Lair (0/5) D:8

Altars:
Ashenzari
Cheibriados
Fedhas
Hepliaklqana
Okawaru
Qazlal
Ru
Sif Muna
Trog
Uskayaw
Wu Jian
Xom
Yredelemnul
Zin
The Shining One

Annotations:
D:5 Dowan, Duvessa, Edmund
D:6 1 runed translucent door, p0werm0de's ghost, novice MiFi


Innate Abilities, Weirdness & Mutations

You are a tree.
Your roots penetrate the ground, keeping you stationary.
You cannot be teleported.
You are immune to unholy pain and torment.
Your maximum health is greatly increased.
Your equipment is partially melded.
You passively map a small area around you.
You are easily found by Zot.
You glow in the dark.
You regain HP and MP as you explore.
Your spells are a little easier to cast, but a little less powerful.
You occasionally lose the ability to read scrolls when taking damage.


Message History

You feel yourself moving faster!
You feel mighty!
A wolf comes into view.
A wyvern comes into view.
The orc wizard hits you but does no damage.
The orc warrior hits you but does no damage.
A steam dragon comes into view.
You cannot move. (Use ctrl+direction or * direction to attack while stationary and confused.)
You smack the orc wizard!
The orc wizard is almost dead.
A hound comes into view.
The orc wizard hits you but does no damage.
The orc warrior hits you from afar with a +0 trident.
You swing at nothing.
A wolf comes into view.
You pummel the orc wizard!!
You kill the orc wizard!
The orc warrior hits you from afar with a +0 trident.
Your Spellcasting skill increases to level 5!
You barely miss the orc. The steam dragon breathes steam at you.
The ball of steam hits the orc!
The orc dies!
The ball of steam hits you but does no damage.
The orc hits you but does no damage.
The orc warrior hits you from afar with a +0 trident.
You swing at nothing.
You are engulfed in a cloud of scalding steam.
A hound comes into view.
The wolf bites you but does no damage.
A hound comes into view.
You swing at nothing.
You feel a strong urge to attack something.
You are engulfed in a cloud of scalding steam.
You feel less confused.
The wyvern is engulfed in a cloud of scalding steam.
The wolf bites you! Something hits you but does no damage.
The white imp is engulfed in a cloud of scalding steam.
The white imp hits you but does no damage.
The orc warrior hits you but does no damage.
The orc hits you but does no damage.
You smack the wyvern!
The wyvern is heavily wounded.
You are engulfed in a cloud of scalding steam.
A hound comes into view.
The wolf is engulfed in a cloud of scalding steam.
The wolf bites you but does no damage. The wyvern bites you.
Something hits you but does no damage.
The orc warrior hits you but does no damage.
A troll comes into view.
The white imp barely misses you.
The orc is engulfed in a cloud of scalding steam.
The orc dies!
You hit the wyvern but do no damage.
The wyvern is heavily wounded.
The wolf is engulfed in a cloud of scalding steam.
The wolf bites you but does no damage.
The wyvern is engulfed in a cloud of scalding steam.
The wyvern barely misses you.
You smack the wyvern!
Your punch misses the wyvern.
The wyvern is almost dead.
You are no longer berserk.
You are exhausted.
You feel yourself slow down.
The wolf is engulfed in a cloud of scalding steam.
The wolf bites you.
The wyvern bites you but does no damage.
An orc wizard comes into view. It is wielding a +0 dagger.
The white imp is engulfed in a cloud of scalding steam.
The white imp dies!
Something hits you but does no damage.
The orc warrior hits you from afar with a +0 trident!
Okay, then.
As you read the scroll labelled HANIED QYURA, it crumbles to dust.
You feel aware of your surroundings.
You sensed 2 altars, and 2 shops/portals.
It was a scroll of magic mapping.
u - a scroll of magic mapping The wolf is engulfed in a cloud of scalding steam.
The wolf bites you.
The wolf is engulfed in a cloud of scalding steam.
The wolf bites you but does no damage. The wyvern bites you!
The wolf is engulfed in a cloud of scalding steam. x2
The wolf bites you but does no damage. x2
An orc comes into view. It is wielding a +0 dagger.
The orc warrior hits you from afar with a +0 trident!
Something hits you but does no damage.
The wyvern bites you but does no damage.
The wolf completely misses you.
The wolf is engulfed in a cloud of scalding steam.
The wolf bites you but does no damage.
The wolf is engulfed in a cloud of scalding steam.
The wolf barely misses you.
As you read the scroll labelled XOAN CUKOCK, it crumbles to dust.
It is a scroll of amnesia.
Really abort (and waste the scroll)?
Okay, then.
The wolf bites you but does no damage. The wyvern bites you.
The wolf completely misses you. The wolf bites you.
* * * LOW HITPOINT WARNING * * *
Something hits you but does no damage.
The orc warrior hits you but does no damage.
The wolf bites you but does no damage.
The wyvern bites you but does no damage.
The wolf bites you but does no damage. x2
A centaur comes into view.
Something hits you but does no damage.
The orc warrior hits you but does no damage.
The wolf bites you but does no damage.
The wyvern bites you but does no damage.
The air fills with toxic fumes!
As you read the scroll labelled UDUSHR HAMA, it crumbles to dust.
It was a scroll of poison.
The wolf bites you but does no damage. x2
The hound bites you but does no damage.
The wolf bites you but does no damage. x2
The wyvern bites you but does no damage.
The wolf bites you but does no damage. The hound bites you but does no damage.
The orc warrior hits you but does no damage.
You hear some strange, mumbled words.
A puff of flame appears from out of thin air!
The puff of flame hits you but does no damage.
The wolf bites you but does no damage. x2
The wyvern bites you but does no damage.
The wolf bites you but does no damage.
As you read the scroll labelled WOGRAY NUFIF, it crumbles to dust.
You feel a strange sense of stasis.
It was a scroll of teleportation.
t - a scroll of teleportation The wolf bites you but does no damage.
The hound bites you.
* * * LOW HITPOINT WARNING * * *
The wolf bites you but does no damage. x2
The wyvern bites you but does no damage.
Something completely misses you.
The orc warrior hits you from afar with a +0 trident.
* * * LOW HITPOINT WARNING * * *
The wolf bites you.
* * * LOW HITPOINT WARNING * * *
The hound bites you but does no damage. The wolf bites you but does no damage.
The wolf bites you.
* * * LOW HITPOINT WARNING * * *
The wyvern barely misses you.
The orc warrior hits you from afar with a +0 trident.
* * * LOW HITPOINT WARNING * * *
Something hits you but does no damage. The wolf bites you but does no damage.
The hound bites you but does no damage. The wolf bites you but does no damage.
HP warning!
Okay, then.
Okay, then.
It was a potion of mutation.
You feel extremely strange.
You occasionally lose the ability to read scrolls when taking damage.
Your connection to magic feels subdued.
The wolf barely misses you. The wolf bites you but does no damage.
The wyvern bites you.
You die...

***,,,,,*,,,,,,* *##****
**§§§.....,,*,,,* *§§#,,*
*,§§.....##,**,,,
**,§§§,####§§......#,****,
***,§.#§§#§#§§,...§...,**,** **
**,*,§§##§#§.§#*.§§§...,,,,,, ,**
*,,,,§§§§§§§#§##§§§§...,,,,,, ,,*
*,,**#§§§§§§hh§§§§§§...,,,,,,
,,***,,,*#§§§§§§♣h§§§§§§...,,,,,,
,,,,**,,*§§§§§§l{hh§§§§§...,,,***
,,,,**,,,§§§§§§§Dho§§§§§...,,,,*,
,,,***,,,§§§§§§§h§oT§§§§...,,,,,,
,,,,,,,,,§§#§§§§§§§§§§§§...,*,,,,
,,,,,,,**§*##§§§§###o§§§...**,,,,
,,,,*,,***#.§§§###**#§§§...****,,
,,,,,,,* #§§§§,***,,c§§...,,*,,,
,,,,,,,***#....,,**,,......,,,,,,


You could see a troll, a steam dragon, an orc warrior, a wyvern, 3 wolves, a
centaur, 4 hounds, an orc wizard and an orc.

Vanquished Creatures
  Eustachio (D:4)
  A phantom (D:3)
  Blork the orc (D:5)
  3 wights (D:8)
  A hound (D:6)
  Natasha (twice) (D:3)
  5 orc wizards
  Ijyb (D:3)
  2 iguanas
  2 adders (D:3)
  3 gnolls (D:6)
  A white imp (D:7)
  An endoplasm (D:3)
  2 giant cockroaches
  4 goblins
  A hobgoblin (D:3)
  2 quokkas
  A ball python (D:3)
  2 frilled lizards (D:3)
  A kobold (D:3)
  A rat (D:2)
38 creatures vanquished.

Vanquished Creatures (others)
  A white imp (D:8)
  2 orcs (D:8)
3 creatures vanquished.

Grand Total: 41 creatures vanquished

Notes
Turn   | Place    | Note
-------+----------+-------------------------------------------
     0 | D:1      | sentinel the Meteoran Earth Elementalist began the quest
                  | for the Orb.
     0 | D:1      | Reached XP level 1. HP: 14/14 MP: 5/5
   300 | D:1      | Reached skill level 4 in Earth Magic
   300 | D:1      | Reached XP level 2. HP: 20/20 MP: 4/6
   303 | D:1      | Learned a level 2 spell: Passwall
   401 | D:3      | Noticed Natasha
   405 | D:3      | Killed Natasha
   406 | D:3      | Reached skill level 5 in Earth Magic
   406 | D:3      | Reached XP level 3. HP: 19/26 MP: 2/8
   410 | D:3      | Learned a level 3 spell: Stone Arrow
   493 | D:4      | Found a staircase to the Ecumenical Temple.
   498 | Temple   | Entered the Ecumenical Temple
   557 | Temple   | Became a worshipper of Ashenzari the Shackled
   587 | D:4      | Noticed Eustachio
   606 | D:4      | Killed Eustachio
   607 | D:4      | Reached skill level 6 in Earth Magic
   607 | D:4      | Reached XP level 4. HP: 33/33 MP: 1/9
   607 | D:4      | Reached XP level 5. HP: 38/38 MP: 1/10
   607 | D:4      | Reached XP level 6. HP: 45/45 MP: 1/11
   621 | D:3      | Noticed Ijyb
   623 | D:3      | Noticed Natasha
   631 | D:3      | Killed Ijyb
   633 | D:3      | Killed Natasha
   637 | D:3      | Reached skill level 5 in Conjurations
   637 | D:3      | Reached XP level 7. HP: 37/50 MP: 3/12
   642 | D:3      | Found a sacrificial altar of Ru.
   675 | D:5      | Entered Level 5 of the Dungeon
   675 | D:5      | Noticed Duvessa
   675 | D:5      | Noticed Dowan
   675 | D:5      | Noticed Blork the orc
   677 | D:5      | Killed Blork the orc
   680 | D:5      | Noticed Edmund
   724 | D:4      | You fall into a shaft and drop 2 floors!
   731 | D:6      | Found a runed translucent door.
   732 | D:6      | Noticed p0werm0de's ghost (novice MiFi)
   797 | D:6      | Reached skill level 7 in Earth Magic
   854 | D:6      | Reached XP level 8. HP: 53/57 MP: 10/15
   903 | D:8      | Identified the +2 cloak of Coinuq {rElec rPois Dex+2}
   910 | D:8      | Noticed a wyvern
   910 | D:8      | Noticed a steam dragon
   914 | D:8      | Reached skill level 5 in Spellcasting
   917 | D:8      | Noticed a troll
   923 | D:8      | HP: 4/85 [wolf (6)]
   924 | D:8      | Gained mutation: You occasionally lose the ability to read
                  | scrolls when taking damage. [potion of mutation]
   924 | D:8      | Gained mutation: Your spells are a little easier to cast,
                  | but a little less powerful. [potion of mutation]
   924 | D:8      | Slain by a wyvern

Illustrated notes

Levels and vault maps discovered:
D:1:      evilmike_arrival_rings, layout_basic,
          dreamdust_ecumenical_altar_hidden_monk_grotto, serial_shops,
          nicolae_shop_trees, minivault_26
D:2:      layout_loops_ring, basic_altar
D:3:      layout_loops_corners, mainiacjoe_overflow_alcove_1,
          nicolae_ru_awakened_eye, minmay_liquid_box, hangedman_feature_mirror,
          minmay_stone_trees_medium, minmay_snake_closets, uniq_ijyb,
          uniq_crazy_yiuf_cottage, uniq_natasha
D:4:      layout_gridville, minmay_temple_entry_ruins,
          minmay_misc_feat_ornament, uniq_eustachio
D:5:      layout_rooms, nicolae_ossuary_entry_false_entrances,
          chequers_serial_rivers_large_a, nrook_pool_corridor, uniq_edmund,
          uniq_duvessa, uniq_blork_the_orc, uniq_pikel
D:6:      layout_loops_corners, hellmonk_ghost_happy_afterlife,
          minmay_a_box_with_orc_wizards_in_it, uniq_grinder, uniq_menkaure
D:7:      layout_rooms, elyvilon_altar_3, chequers_serial_rivers_marsh,
          chequers_serial_rivers_micro_c, minmay_three_doors
D:8:      layout_cave_pools, nicolae_dithmenos_through_a_glass_darkly,
          nemelex_spade_bored_becter, erik_lair_island, serial_shops, shop,
          nicolae_shop_overcharged_wands
Temple:   nicolae_temple_bog_church

Skill      XL: |  1  2  3  4  5  6  7  8 |
---------------+-------------------------+-----
Earth Magic    | 4 5 6 7 |  7.3
Conjurations   | 4 5 6 |  6.4
Spellcasting   | 4 5 |  5.0
Dodging        | |  2.4
Stealth        | |  1.4
Transmutations | |  1.2

Action                   |  1- 3 |  4- 6 |  7- 9 || total
-------------------------+-------+-------+-------++-------
Melee: Dagger            |     2 |       |       ||     2
       Unarmed           |       |       |     6 ||     6
 Cast: Sandblast         |    25 |     8 |    14 ||    47
       Stone Arrow       |     2 |     1 |    15 ||    18
       Passwall          |       |       |     3 ||     3
Evoke: Wand              |       |     3 |     6 ||     9
  Use: Scroll            |       |       |     4 ||     4
       Potion            |       |       |     3 ||     3
Armor: Robe              |     5 |     3 |     2 ||    10
       Skin              |       |       |    61 ||    61
Dodge: Dodged            |    18 |    13 |    32 ||    63
